 Dungeon Crawl Stone Soup version 0.29.1-12-g30fa7ad0bf (webtiles) character file.

Game seed: 6169631001639204273

29 hawla the Chiller (level 3, -10/26 HPs)
             Began as a Meteoran Ice Elementalist on Dec 26, 2022.
             Mangled by an ogre
             ... wielding a +0 giant spiked club
              (20 damage)
             ... on level 4 of the Dungeon.
             The game lasted 00:02:38 (300 turns).

hawla the Chiller (Meteoran Ice Elementalist)        Turns: 300, Time: 00:02:38

Health: -10/26     AC:  3    Str:  9    XL:     3   Next: 52%
Magic:  4/8        EV: 12    Int: 19    God:
Gold:   48         SH:  0    Dex: 14    Spells: 4/8 levels left

rFire   . . .      SeeInvis .   (no weapon)
rCold   . . .      Faith    .   (no shield)
rNeg    . . .      Spirit   .   a - +0 robe
rPois   .          Reflect  .   (no helmet)
rElec   .          Harm     .   f - +0 cloak
rCorr   .          Rampage  .   (no gloves)
Will    .....                   (no boots)
Stlth   +.........              (no amulet)
HPRegen 0.08/turn               (no ring)
MPRegen 0.11/turn               (no ring)

@: freezing walls, flying, glowing
A: sense surroundings 1, otherworldly, glowing, explore regen
a: no special abilities


You were on level 4 of the Dungeon.
You visited 1 branch of the dungeon, and saw 4 of its levels.

You collected 48 gold pieces.

Inventory:

Armour
 a - a +0 robe (worn)
 f - a +0 cloak (worn)
Potions
 b - a potion of magic
 c - a potion of flight
 d - a potion of haste {unknown}


   Skills:
 + Level 2.5 Dodging
 - Level 1.4 Stealth
 + Level 3.3 Spellcasting
 + Level 5.1 Ice Magic


You had 4 spell levels left.
You knew the following spells:

 Your Spells              Type           Power      Damage    Failure   Level
a - Freeze                Ice            88%        1d10      1%          1
b - Frozen Ramparts       Ice            44%        1d7       5%          3

Your spell library contained the following spells:

 Spells                   Type           Power      Damage    Failure   Level
 Ozocubu's Armour         Ice            22%        N/A       5%          3
 Hailstorm                Conj/Ice       12%        3d5       45%         4


Dungeon Overview and Level Annotations

Branches:
Dungeon (4/15) Zot: 2099   Temple (0/1) D:4

Altars:
Dithmenos


Innate Abilities, Weirdness & Mutations

You passively map a small area around you.
You are easily found by Zot.
You glow in the dark.
You regain HP and MP as you explore.


Message History

The wall freezes the phantom.
It was a potion of flight.
You feel very buoyant.
You fly up into the air.
The hound skeleton resists.
The wall freezes the hound skeleton.
The hound skeleton bites you but does no damage.
The hound skeleton resists.
The wall freezes the hound skeleton.
The hound skeleton completely misses you.
The bullfrog zombie completely resists.
The wall freezes the bullfrog zombie but does no damage.
The bullfrog zombie barely misses you.
The hound skeleton resists.
The wall freezes the hound skeleton.
The hound skeleton bites you.
The hound skeleton completely resists.
The wall freezes the hound skeleton but does no damage.
The hound skeleton misses you.
The hound skeleton resists.
The wall freezes the hound skeleton.
The hound skeleton bites you but does no damage.
The bullfrog zombie completely resists.
The wall freezes the bullfrog zombie but does no damage.
The bullfrog zombie barely misses you.
The phantom completely resists.
The wall freezes the phantom but does no damage.
The wall freezes the ogre.
The wall freezes the hobgoblin.
You kill the hobgoblin!
Casting: Frozen Ramparts (quite dangerous; 5% risk of failure)
Confirm with . or Enter, or press ? or * to list all spells.
Aiming: Freeze (safe; 1% risk of failure)
Press: ? - help, Shift-Dir - straight line, f - ogre
Aim: an ogre, wielding a +0 giant spiked club (lightly wounded)
You freeze the ogre!
The ogre is heavily wounded.
The hound skeleton completely resists.
The wall freezes the hound skeleton but does no damage.
The hound skeleton barely misses you.
The bullfrog zombie completely resists.
The wall freezes the bullfrog zombie but does no damage.
The bullfrog zombie barely misses you.
The hound skeleton resists.
The wall freezes the hound skeleton.
The hound skeleton barely misses you.
The phantom resists.
The wall freezes the phantom.
The wall freezes the ogre.
The ogre hits you with a +0 giant spiked club!!
Ouch! That really hurt!
You die...

,,,,,,,,,*#.......#**.#*,,,,,,,,,
,,,,,,,,,,#.......###.#**,,,,,,,,
,,,,,,,,,.#........#..##*,,,,,,*,
,,,,,,,,,......$........,,,,**,*,
**,,,,,,*#............?.,,,****,,
**,,,,,,,#..............,,,,,,,,,
*,,,,,,,*#......W)......,,,*,,,,,
,,,**,,,,.....SZZ#.....#,***,,*,,
,,,,,,*,,.....##@#,...##,**,,,*,*
*,,,,,*,*....*#OSZ......,,,,,,*,,
*,,,,,,,*..#,...Z.#.....,,***,*,*
,,,,,,,,,.,#.§...#.,....,,***,*,,
,,,,,,***,..§§§§.##.,...,,,,,,,,*
,,,,,,**,..§§..§..*#.,..*,**,,,**
,,,,,,,,,#..§§§§..,,.#*#***,,,,*
,,,,,,,,,#...§§§..,,,.,****,,,,*
,,,,**,,,,,,,,,,,,,,,,,*,,,,,,,*


You could see an ogre, a phantom, an adder, a bullfrog zombie, a ball python and
3 hound skeletons.

Vanquished Creatures
  An adder (D:2)
  2 bats
  An endoplasm (D:2)
  A hobgoblin (D:4)
  5 jackals (D:2)
  2 kobolds (D:2)
  2 quokkas (D:2)
  2 ball pythons (D:2)
  A rat (D:2)
17 creatures vanquished.

Notes
Turn   | Place    | Note
-------+----------+-------------------------------------------
     0 | D:1      | hawla the Meteoran Ice Elementalist began the quest for the
                  | Orb.
     0 | D:1      | Reached XP level 1. HP: 14/14 MP: 5/5
    34 | D:1      | You fall into a shaft and drop 1 floor!
    39 | D:2      | Found a shadowy altar of Dithmenos.
    76 | D:2      | Reached XP level 2. HP: 20/20 MP: 2/6
   143 | D:2      | Reached skill level 5 in Ice Magic
   143 | D:2      | Reached XP level 3. HP: 26/26 MP: 4/8
   154 | D:2      | Learned a level 3 spell: Frozen Ramparts
   292 | D:4      | Noticed a phantom
   294 | D:4      | Noticed an ogre
   300 | D:4      | Mangled by an ogre

Illustrated notes

Levels and vault maps discovered:
D:1:      wander_arrival_estate, layout_rooms,
          shapermc_ecumenical_altar_notcrosses, chequers_avenue,
          minmay_quantized
D:2:      wander_river, layout_basic, basic_altar
D:3:      layout_basic, minmay_fountain_box, grunt_ministairs_3,
          dreamdust_princess_corridor, uniq_robin, uniq_natasha
D:4:      layout_cave_pools, minmay_temple_entry_trees, serial_undead,
          serial_undead_b, serial_undead_a, serial_undead_f, serial_undead_b,
          serial_undead_c, serial_undead_b, dk_vineyard_2,
          minmay_misc_feat_plants

Skill      XL: |  1  2 |
---------------+-------+-----
Spellcasting   | 3 |  3.3
Ice Magic      | 5 |  5.1
Dodging        | |  2.5
Stealth        | |  1.4

Action                   || total
-------------------------++-------
Melee: Unarmed           ||     1
 Cast: Freeze            ||    18
       Frozen Ramparts   ||     4
  Use: Scroll            ||     2
       Potion            ||     1
Armor: Robe              ||     7
Dodge: Dodged            ||    22
